 Dungeon Crawl Stone Soup version 0.29.1-14-g9c671dbff4 (webtiles) character file.

Game seed: 13080749035908422419

21077 EarthwalkerPL the Tortoise (level 12, -4/115 HPs)
             Began as a Minotaur Fighter on Feb 19, 2023.
             Was a High Priest of Okawaru.
             Slain by an orc warlord
             ... wielding a +6 battleaxe of flaming
              (11 damage)
             ... on level 1 of the Orcish Mines.
             The game lasted 00:36:38 (14868 turns).

EarthwalkerPL the Tortoise (Minotaur Fighter)      Turns: 14868, Time: 00:36:38

Health: -4/115     AC: 27    Str: 32    XL:     12   Next: 51%
Magic:  14/14      EV: 14    Int:  2    God:    Okawaru [*****.]
Gold:   1498       SH: 16    Dex: 14    Spells: 11/11 levels left

rFire   x . .      SeeInvis .   w - +8 war axe of Cokom {drain, Fragile rN+ Dex+2}
rCold   . . .      Faith    .   Z - +0 kite shield
rNeg    + . .      Spirit   .   q - +6 chain mail of Naar Qiw {Str+5 Int-3}
rPois   .          Reflect  +   (helmet restricted)
rElec   +          Harm     .   H - +2 cloak "Toathr Tecoo" {rElec Stlth+}
rCorr   .          Rampage  +   p - +1 pair of gloves of the Miller {Rampage rElec rF- Dex+3}
Will    .....                   v - +0 pair of boots
Stlth   ..........              r - amulet of reflection
HPRegen 0.29/turn               n - +4 ring of evasion
MPRegen 0.14/turn               L - ring of flight

@: flying, studying Armour
A: horns 2, retaliatory headbutt
a: Renounce Religion, Heroism, Finesse, Duel


You were on level 1 of the Orcish Mines.
You worshipped Okawaru.
Okawaru was extremely pleased with you.
You visited 3 branches of the dungeon, and saw 14 of its levels.
You also visited: Bailey.

You collected 1676 gold pieces.
You spent 178 gold pieces at shops.

Inventory:

Hand Weapons
 w - the +8 war axe of Cokom (weapon) {drain, Fragile rN+ Dex+2}
   (You bought it in a shop on level 4 of the Dungeon)

   A truly terrible weapon, it drains the life of any living foe it strikes.
   Dex:       It affects your dexterity (+2).
   rN:        It protects you from negative energy.
   Fragile:   It will be destroyed if unequipped.
 R - a +0 broad axe
 X - a +5 battleaxe of freezing
Missiles
 x - 18 poisoned darts
 y - 2 curare-tipped darts
 I - 10 boomerangs
 T - 24 javelins (quivered)
Armour
 p - the +1 pair of gloves of the Miller (worn) {Rampage rElec rF- Dex+3}
   (Okawaru gifted it to you on level 12 of the Dungeon)

   Dex:       It affects your dexterity (+3).
   rF:        It makes you vulnerable to fire.
   rElec:     It insulates you from electricity.
   Rampage:   It bestows one free step when moving towards enemies.
 q - the +6 chain mail of Naar Qiw (worn) {Str+5 Int-3}
   (You took it off an orc warrior on level 1 of the Orcish Mines)

   Str:       It affects your strength (+5).
   Int:       It affects your intelligence (-3).
 v - a +0 pair of boots (worn)
 F - a +1 cloak of preservation
 H - the +2 cloak "Toathr Tecoo" (worn) {rElec Stlth+}
   (You found it on level 6 of the Dungeon)

   rElec:     It insulates you from electricity.
   Stlth:     It makes you more stealthy.
 Z - a +0 kite shield (worn)
Jewellery
 n - a +4 ring of evasion (left hand)
 r - an amulet of reflection (around neck)
 L - a ring of flight (right hand)
 Y - a ring of poison resistance
Wands
 a - a wand of light (3)
 G - a wand of flame (45)
 K - a wand of mindburst (28)
 O - a wand of roots (8)
Scrolls
 b - a scroll of torment
 c - 2 scrolls of silence {unknown}
 e - 8 scrolls of noise
 f - 4 scrolls of amnesia
 i - 3 scrolls of vulnerability
 j - a scroll of brand weapon
 l - 5 scrolls of teleportation
 t - a scroll of magic mapping
 A - 2 scrolls of enchant armour
 B - 5 scrolls of enchant weapon
 D - 2 scrolls of poison
 E - 3 scrolls of immolation {unknown}
 J - a scroll of blinking
 M - a scroll of acquirement {unknown}
Potions
 d - 6 potions of might
 g - 5 potions of attraction {unknown}
 h - a potion of cancellation {unknown}
 m - a potion of haste {unknown}
 o - 2 potions of heal wounds {unknown}
 s - 8 potions of curing {unknown}
 u - 3 potions of resistance {unknown}
 z - 2 potions of mutation {unknown}
 C - 2 potions of flight {unknown}
 P - 4 potions of lignification {unknown}
 Q - 2 potions of magic {unknown}
 S - a potion of degeneration {unknown}
 U - a potion of ambrosia {unknown}
 V - a potion of brilliance {unknown}
 W - a potion of invisibility {unknown}


   Skills:
 * Level 13.0 Fighting
 * Level 12.8 Axes
 * Level 15.0 Armour
 * Level 5.7 Dodging
 + Level 9.8 Shields
 * Level 5.2 Invocations


You had 11 spell levels left.
You didn't know any spells.
Your spell library contained the following spells:

 Spells                   Type           Power      Damage    Failure   Level
 Apportation              Tloc           0%         N/A       99%         1
 Beastly Appendage        Tmut           0%         N/A       99%         1
 Necrotise                Necr           0%         1d4       99%         1
 Poisonous Vapours        Pois/Air       0%         N/A       100%        2
 Wereblood                Tmut           0%         N/A       100%        2
 Dazzling Flash           Conj/Hex       0%         N/A       100%        3
 Frozen Ramparts          Ice            0%         1d1       100%        3
 Spider Form              Tmut/Pois      0%         N/A       100%        3
 Corpse Rot               Necr/Pois/Air  0%         N/A       100%        4
 Ice Form                 Ice/Tmut       0%         N/A       100%        4
 Iskenderun's Mystic Bla  Conj/Tloc      0%         2d3       100%        4
 Alistair's Intoxication  Tmut/Pois      0%         N/A       100%        5
 Borgnjor's Vile Clutch   Necr/Erth      0%         N/A       100%        5
 Eringya's Noxious Bog    Tmut/Pois      0%         N/A       100%        6
 Starburst                Conj/Fire      0%         6d3       100%        6
 Summon Small Mammal      Summ           Unusable   N/A       N/A         1
 Summon Ice Beast         Ice/Summ       Unusable   N/A       N/A         4

Dungeon Overview and Level Annotations

Branches:
Dungeon (12/15)            Temple (1/1) D:6            Lair (0/5) D:8
    Orc (1/2) D:12         Bailey (visited)

Altars:
Ashenzari
Cheibriados
Dithmenos
Elyvilon
Fedhas
Gozag
Hepliaklqana
Kikubaaqudgha
Makhleb
Nemelex Xobeh
Okawaru
Qazlal
Ru
Sif Muna
Trog
Uskayaw
Vehumet
Wu Jian
Xom
Yredelemnul
Zin
The Shining One

Shops:
D:4 (

Portals:
Trove: D:12 (show slimy rune of Zot)

Annotations:
D:10 2 transporters, laros's ghost, novice MiBe


Innate Abilities, Weirdness & Mutations

You have a pair of horns on your head.
You reflexively headbutt those who attack you in melee.


Message History

The orc warlord is heavily wounded.
You slice the orc warlord!!
You headbutt the orc warlord, but do no damage.
The orc warlord is severely wounded.
The orc warlord hits you but does no damage.
You block the orc warlord's attack.
You hit the orc warlord. You drain the orc warlord.
You headbutt the orc warlord, but do no damage.
The orc warlord is almost dead.
The orc warlord hits you with a +6 battleaxe of flaming!
* * * LOW HITPOINT WARNING * * *
The orc warlord burns you.
* * * LOW HITPOINT WARNING * * *
You closely miss the orc warlord.
The orc warlord is severely wounded.
The orc warlord closely misses you.
You closely miss the orc warlord.
The orc warlord is severely wounded.
The orc warlord hits you with a +6 battleaxe of flaming!!
* * * LOW HITPOINT WARNING * * *
The orc warlord burns you.
* * * LOW HITPOINT WARNING * * *
You barely miss the orc warlord.
You headbutt the orc warlord, but do no damage.
The orc warlord is severely wounded.
The orc warlord hits you but does no damage.
You hit the orc warlord but do no damage.
You drain the orc warlord.
The orc warlord is almost dead.
You block the orc warlord's attack.
You closely miss the orc warlord.
The orc warlord is almost dead.
You barely miss the orc warlord.
The orc warlord is almost dead.
The orc warlord misses you. You block the orc warlord's attack.
You hit the orc warlord but do no damage.
You drain the orc warlord.
The orc warlord is almost dead.
The orc warlord hits you with a +6 battleaxe of flaming!
You die...

#...# ##......##......#....
###..#######...#####.######..
#.#...#.##......##....#.###..
##...[..#........#.(....##...
###...#.......#......##...#..##
#...#####....###....(###.....##
##...###..#[)###.....##.......#
##.......##.[#...#...#..##...#
#.#...###...@o)##.....###.#..
###..## ##....####...^# ###..
#### ####)# ##....## ## #.##
#).....#### ######...##....#
#....#####...# ###....#.....#
######.)......###
#.#.###......##


You could see an orc warlord (drained).

Vanquished Creatures
  A boulder beetle (D:12)
  2 two-headed ogres
  Erica (D:8)
  An orc high priest (Orc:1)
  A deep elf archer (Orc:1)
  3 deep elf zephyrmancers
  A deep elf pyromancer (Orc:1)
  Pikel (D:5)
  2 orc knights (D:12)
  2 orc sorcerers (Orc:1)
  2 cyclopes (D:12)
  2 manticores (D:11)
  An ugly thing (D:12)
  Joseph (D:8)
  A gargoyle (D:11)
  An unseen horror (D:12)
  Prince Ribbit (D:5)
  5 trolls
  2 wyverns
  A vampire (D:12)
  2 shadows (D:12)
  2 wraiths
  A steam dragon (D:9)
  Grum (D:8)
  A basilisk (D:12)
  9 yaks
  5 wargs
  A water moccasin (D:6)
  3 sky beasts
  Duvessa (D:5)
  17 orc warriors
  3 ogres
  2 wolves (D:8)
  13 centaurs
  2 phantoms
  3 kobold brigands
  4 lemures (D:5)
  A necrophage (D:6)
  5 bullfrogs
  2 scorpions
  2 gnoll sergeants
  8 wights
  Dowan (D:5)
  4 killer bees (D:8)
  3 electric eels (D:7)
  4 howler monkeys
  2 hounds
  A jelly (D:7)
  Crazy Yiuf (D:5)
  A gnoll bouda (D:8)
  10 orc priests
  3 iguanas (D:4)
  12 orc wizards
  9 adders
  18 gnolls
  A white imp (D:5)
  An ufetubus (D:7)
  2 worms (D:3)
  2 dart slugs
  56 orcs
  4 ball pythons
  6 endoplasms
  5 giant cockroaches (D:1)
  9 goblins
  10 hobgoblins
  3 jackals (D:3)
  4 quokkas
  5 bats
  2 frilled lizards (D:1)
  46 kobolds
  4 rats
349 creatures vanquished.

Vanquished Creatures (others)
  21 plants (D:7)
21 creatures vanquished.

Grand Total: 370 creatures vanquished

Notes
Turn   | Place    | Note
-------+----------+-------------------------------------------
     0 | D:1      | EarthwalkerPL the Minotaur Fighter began the quest for the
                  | Orb.
     0 | D:1      | Reached XP level 1. HP: 19/19 MP: 0/0
   396 | D:1      | Reached XP level 2. HP: 26/27 MP: 1/1
   422 | D:1      | Reached skill level 4 in Armour
   592 | D:1      | Reached XP level 3. HP: 33/33 MP: 2/2
   594 | D:1      | Found a faded altar of an unknown god.
   735 | D:1      | You fall into a shaft and drop 1 floor!
  1334 | D:3      | Found a stormy altar of Qazlal.
  1669 | D:3      | Reached XP level 4. HP: 41/41 MP: 3/3
  2795 | D:4      | Found a glowing silver altar of Zin.
  2806 | D:4      | Reached XP level 5. HP: 47/47 MP: 4/4
  2900 | D:4      | Found a bloodstained altar of Trog.
  2977 | D:4      | Found a sacrificial altar of Ru.
  3057 | D:4      | Found Esiuti's Antique Weapon Emporium.
  3063 | D:4      | Bought a twisted war axe for 178 gold pieces
  3063 | D:4      | Identified the +8 war axe of Cokom {drain, Fragile rN+
                  | Dex+2} (You bought it in a shop on level 4 of the Dungeon)
  3117 | D:4      | Reached skill level 5 in Armour
  3154 | D:4      | Reached skill level 5 in Fighting
  3225 | D:4      | Reached XP level 6. HP: 56/56 MP: 5/5
  3343 | D:4      | Reached skill level 5 in Axes
  3678 | D:4      | Reached skill level 6 in Armour
  3799 | D:5      | Entered Level 5 of the Dungeon
  3814 | D:5      | Reached XP level 7. HP: 62/62 MP: 6/6
  3823 | D:5      | Noticed Duvessa
  3825 | D:5      | Noticed Dowan
  3832 | D:5      | Killed Duvessa
  3833 | D:5      | Reached skill level 5 in Shields
  3837 | D:5      | Killed Dowan
  3933 | D:5      | Noticed Prince Ribbit
  4205 | D:5      | Noticed a yak
  4206 | D:5      | Noticed a yak
  4208 | D:5      | Noticed a yak
  4217 | D:4      | Killed a yak
  4223 | D:5      | Killed a yak
  4224 | D:5      | Reached skill level 7 in Armour
  4224 | D:5      | Reached XP level 8. HP: 53/71 MP: 7/7
  4463 | D:5      | Noticed Pikel
  4469 | D:5      | Killed Pikel
  4470 | D:5      | Reached skill level 8 in Armour
  4796 | D:5      | Found a runed translucent door.
  4797 | D:5      | Noticed Crazy Yiuf
  4803 | D:5      | Killed Crazy Yiuf
  4945 | D:5      | Killed Prince Ribbit
  4946 | D:5      | Reached XP level 9. HP: 52/81 MP: 8/8
  5289 | D:6      | Identified the +2 cloak "Toathr Tecoo" {rElec Stlth+}
  5456 | D:6      | Found a burning altar of Makhleb.
  5467 | D:6      | Found a sparkling altar of Nemelex Xobeh.
  5505 | D:6      | Found a staircase to the Ecumenical Temple.
  5513 | Temple   | Entered the Ecumenical Temple
  5704 | Temple   | Became a worshipper of Warmaster Okawaru
  6305 | D:7      | Reached skill level 9 in Armour
  6346 | D:7      | Reached * piety under Okawaru
  6486 | D:7      | Found an ornate altar of the Wu Jian Council.
  7019 | D:7      | Found an opulent altar of Gozag.
  7413 | D:8      | Noticed Joseph
  7444 | D:8      | Noticed Grum
  7469 | D:8      | Found a flagged portal.
  7490 | Bailey   | Entered a bailey
  7962 | Bailey   | Reached skill level 10 in Armour
  7962 | Bailey   | Reached XP level 10. HP: 66/93 MP: 9/9
  7983 | Bailey   | Reached ** piety under Okawaru
  8182 | Bailey   | Reached skill level 10 in Fighting
  8462 | Bailey   | Reached skill level 10 in Axes
  8855 | D:8      | Reached skill level 11 in Armour
  8860 | D:8      | Reached *** piety under Okawaru
  9012 | D:8      | Found a staircase to the Lair.
  9040 | D:8      | Killed Grum
  9121 | D:8      | Killed Joseph
  9357 | D:8      | Reached skill level 12 in Armour
  9422 | D:8      | Noticed Erica
  9429 | D:8      | Killed Erica
  9781 | D:9      | Found an ancient bone altar of Kikubaaqudgha.
  9912 | D:9      | Reached XP level 11. HP: 74/102 MP: 10/10
 10078 | D:9      | Found a snail-covered altar of Cheibriados.
 10389 | D:9      | Reached **** piety under Okawaru
 10509 | D:10     | Entered Level 10 of the Dungeon
 10520 | D:10     | Reached skill level 1 in Dodging
 10527 | D:10     | Reached skill level 1 in Invocations
 10675 | D:10     | Found a white marble altar of Elyvilon.
 10728 | D:10     | Noticed a two-headed ogre
 10736 | D:10     | Killed a two-headed ogre
 10908 | D:10     | Found a transporter.
 10911 | D:10     | Found a transporter.
 10911 | D:10     | Noticed a two-headed ogre
 10911 | D:10     | Noticed laros's ghost (novice MiBe)
 10912 | D:10     | Noticed a two-headed ogre
 10914 | D:10     | Noticed a two-headed ogre
 11353 | D:11     | Reached skill level 13 in Armour
 11599 | D:11     | Reached ***** piety under Okawaru
 12519 | D:12     | Noticed a red ugly thing
 12526 | D:12     | Killed a red ugly thing
 12557 | D:12     | Found a staircase to the Orcish Mines.
 12770 | D:12     | Noticed a boulder beetle
 12786 | D:12     | Killed a boulder beetle
 13272 | D:12     | Reached skill level 14 in Armour
 13418 | D:12     | Found a portal to a secret trove of treasure.
 13471 | Orc:1    | Entered Level 1 of the Orcish Mines
 13489 | D:12     | Identified the +1 pair of gloves of the Miller {Rampage
                  | rElec rF- Dex+3} (Okawaru gifted it to you on level 12 of
                  | the Dungeon)
 13489 | D:12     | Received a gift from Okawaru
 13610 | D:12     | Reached XP level 12. HP: 102/113 MP: 12/14
 13773 | Orc:1    | Noticed a two-headed ogre
 13852 | D:12     | Killed a two-headed ogre
 13943 | Orc:1    | Identified the +6 chain mail of Naar Qiw {Str+5 Int-3}
 13961 | D:12     | Reached skill level 5 in Dodging
 14280 | Orc:1    | Reached skill level 5 in Invocations
 14706 | Orc:1    | Noticed an orc high priest
 14708 | Orc:1    | Reached skill level 15 in Armour
 14734 | Orc:1    | Killed an orc high priest
 14819 | Orc:1    | Noticed an orc warlord
 14868 | Orc:1    | Slain by an orc warlord

Illustrated notes

Levels and vault maps discovered:
D:1:      dpeg_arrival_three_same_balls, layout_basic,
          chequers_ecumenical_altar_simple, minmay_misc_feat_room
D:2:      layout_rooms
D:3:      layout_basic, mainiacjoe_overflow_24_doors, kennysheep_path_1
D:4:      minmay_goblin_kobold_castle, layout_cave_pools,
          mainiacjoe_overflow_surrounded_room, zin_statuary, marbit_many_paths,
          serial_shops, nicolae_shop_stone
D:5:      layout_loops_ring, uniq_pikel, uniq_duvessa, uniq_crazy_yiuf_cottage,
          uniq_prince_ribbit1
D:6:      layout_loops_cross, mainiacjoe_overflow_big_doors,
          minmay_temple_entry_slanted
D:7:      layout_loops_ring, grunt_gozag_breadcrumbs,
          mainiacjoe_overflow_catwalk, serial_bayou_lagoon_b
D:8:      layout_cave_pools, erik_lair_orcish_takeover, enter_bailey_4,
          uniq_joseph, uniq_grum, uniq_erica
D:9:      layout_long_grid, mainiacjoe_overflow_large_starburst,
          statue_in_the_mist_lemuel
D:10:     layout_irregular_city, elyvilon_altar_5, gammafunk_ghost_smash
D:11:     layout_roguey, serial_co_window_serial, co_window_of_opportunity_a,
          co_window_corner_a, co_window_corner_a, co_window_corner_a,
          co_window_of_opportunity_a, co_window_paths_b, co_window_corner_a,
          co_window_unsneaky_path_c, co_window_corner_cb,
          co_window_of_opportunity_b, co_window_2corner, co_window_2corner,
          glass_columns_a, glass_columns_a, glass_columns_c, glass_columns_a,
          glass_columns_c
D:12:     layout_roguey, orc_0_dummy, enter_trove_6
Temple:   bh_familiar_temple
Orc:1:    layout_diamond_mine, elf_legates

Skill      XL: |  1  2  3  4  5  6  7  8  9 10 11 12 |
---------------+-------------------------------------+-----
Fighting       | 4 5 6 8 9 11 12 13 | 13.0
Armour         | 4 5 6 7 8 10 12 14 15 | 15.0
Axes           | 3 4 5 6 7 9 11 12 | 12.8
Shields        | 4 5 6 7 8 9 |  9.8
Dodging        | 4 5 |  5.7
Invocations    | 4 5 |  5.2

Action                   |  1- 3 |  4- 6 |  7- 9 | 10-12 || total
-------------------------+-------+-------+-------+-------++-------
Melee: War axe           |    76 |   123 |   183 |   399 ||   781
       Headbutt          |    14 |    17 |    35 |    65 ||   131
Throw: Boomerang         |       |       |    61 |       ||    61
       Javelin           |       |       |       |     7 ||     7
  Use: Scroll            |       |       |     7 |     6 ||    13
Armor: Scale mail        |    37 |    47 |    33 |       ||   117
       Chain mail        |       |       |    72 |   180 ||   252
Dodge: Dodged            |    30 |    42 |    77 |   122 ||   271
Block: Buckler           |    13 |    57 |    83 |   106 ||   259
       Reflection        |       |     1 |     2 |    19 ||    22
       Kite shield       |       |       |       |   146 ||   146
